 Dungeon Crawl Stone Soup version 0.24.0-125-gc4c63601f3 (webtiles) character file.

Game seed: 11199714041089809940, levelgen mode: deterministic

132 Frank2 the Cudgeler (level 4, -1/34 HPs)
             Began as a Demonspawn Gladiator on Mar 14, 2020.
             Killed by divine providence
             ... invoked by an orc priest
              (14 damage)
             ... on level 3 of the Dungeon.
             The game lasted 00:03:03 (1769 turns).

Frank2 the Cudgeler (Demonspawn Gladiator)          Turns: 1769, Time: 00:03:04

Health: -1/34      AC:  9    Str: 14    XL:     4   Next: 92%
Magic:  4/4        EV: 13    Int:  9    God:
Gold:   153        SH:  0    Dex: 16    Spells: 3/3 levels left

rFire    . . .     SeeInvis .   j - +0 whip (elec)
rCold    . . .     Gourm    .   (no shield)
rNeg     . . .     Faith    .   b - +0 leather armour
rPois    .         Spirit   .   e - +2 helmet
rElec    .         Reflect  .   p - +0 cloak
rCorr    .         Harm     .   (no gloves)
MR       .....                  (no boots)
Stlth    +.........             h - amulet of regeneration
HPRegen  0.51/turn              (no ring)
MPRegen  0.09/turn              (no ring)

@: no status effects
A: slimy green scales 1, demonic guardian 1, spiny 1
a: no special abilities


You were on level 3 of the Dungeon.
You were not hungry.

You visited 1 branch of the dungeon, and saw 3 of its levels.

You collected 153 gold pieces.

Inventory:

Hand Weapons
 a - a +0 flail
 j - a +0 whip of electrocution (weapon)
Missiles
 d - 2 throwing nets (quivered)
Armour
 b - a +0 leather armour (worn)
 e - a +2 helmet (worn)
 p - a +0 cloak (worn)
Jewellery
 h - an amulet of regeneration (around neck)
Wands
 n - a wand of random effects (16)
Scrolls
 k - 2 scrolls of identify
 l - a scroll of fog
Potions
 m - 2 potions of curing
Comestibles
 f - 5 rations
 o - a chunk of flesh


   Skills:
 + Level 2.6 Fighting
 + Level 4.1 Maces & Flails
 - Level 1.7 Throwing
 + Level 1.4 Armour
 + Level 3.3 Dodging


You had 3 spell levels left.
You didn't know any spells.
Your spell library was empty.

Dungeon Overview and Level Annotations

Branches:
Dungeon (3/15)

Altars:
Elyvilon


Innate Abilities, Weirdness & Mutations

You are partially covered in slimy green scales. (AC +2)
A weak demonic guardian rushes to your aid.
You are partially covered in sharp spines.


Message History

You swap places.
A bat and an orc come into view.
The orc shouts!
The orc priest mumbles some strange prayers to Beogh against you.
Beogh smites you!
You are too injured to fight recklessly!
You are too injured to fight recklessly!
You are too injured to fight recklessly!
Unknown command.
Unknown command.
You swap places.
The orc priest hits your iron imp but does no damage.
Your iron imp hits the orc priest.
The adder is struck by your spines. The adder closely misses you.
The orc priest looks braver for a moment.
The orc priest barely misses your iron imp.
Your iron imp hits the orc priest!
The orc priest invokes the aid of Beogh against you.
Beogh smites you!
You die...

##.#.#.###.#
#.####.#.#.# #.#
#........#.# #.#
######.###.###.#
#<........#
#####.#####
######>####
#(........#
#.##...##@######o..
+........S.5oogbo..
#.##...##.######.#.
# ##..##.# #.###.#
#. #.# #. #.# ..#
##


You could see 2 orc priests, an adder, an orc, a hobgoblin, a bat and a friendly
iron imp.

Vanquished Creatures
  Crazy Yiuf (D:2)
  A gnoll (D:1)
  3 adders (D:2)
  2 worms (D:2)
  3 leopard geckos
  2 ball pythons (D:1)
  12 bats
  3 giant cockroaches
  7 goblins
  9 hobgoblins
  4 jackals (D:1)
  A quokka (D:2)
  2 frilled lizards (D:2)
  4 kobolds
  4 rats
58 creatures vanquished.

Notes
Turn   | Place    | Note
-------+----------+-------------------------------------------
     0 | D:1      | Frank2 the Demonspawn Gladiator began the quest for the
                  | Orb.
     0 | D:1      | Reached XP level 1. HP: 16/16 MP: 1/1
    58 | D:1      | Gained mutation: You are partially covered in sharp spines.
                  | [demonic ancestry]
    58 | D:1      | Reached XP level 2. HP: 11/22 MP: 2/2
    81 | D:1      | Reached skill level 3 in Maces & Flails
   576 | D:1      | Gained mutation: You are partially covered in slimy green
                  | scales. (AC +2) [demonic ancestry]
   576 | D:1      | Reached XP level 3. HP: 26/27 MP: 3/3
  1005 | D:2      | Gained mutation: A weak demonic guardian rushes to your
                  | aid. [demonic ancestry]
  1005 | D:2      | Reached XP level 4. HP: 34/34 MP: 4/4
  1020 | D:2      | Reached skill level 1 in Armour
  1236 | D:2      | Found a white marble altar of Elyvilon.
  1360 | D:2      | Found a runed translucent door.
  1361 | D:2      | Noticed Crazy Yiuf
  1674 | D:2      | Killed Crazy Yiuf
  1674 | D:2      | Reached skill level 4 in Maces & Flails
  1769 | D:3      | Killed from afar by an orc priest

Levels and vault maps discovered:
D:1:      wander_arrival_estate, layout_basic
D:2:      layout_loops_ring, elyvilon_altar_5, uniq_crazy_yiuf_cottage
D:3:      layout_loops_corners, yredelemnul_altar_generic

Skill      XL: |  1  2  3  4 |
---------------+-------------+-----
Dodging        | 3 |  3.3
Maces & Flails | 3 4 |  4.1
Armour         | 1 |  1.4
Fighting       | |  2.6
Throwing       | |  1.7

Action                   |  1- 3 |  4- 6 || total
-------------------------+-------+-------++-------
Melee: Flail             |    64 |       ||    64
       Whip              |    24 |    39 ||    63
Throw: Throwing net      |     2 |     1 ||     3
  Use: Scroll            |     2 |     5 ||     7
  Eat: Chunk             |       |     3 ||     3
Armor: Leather armour    |    21 |     7 ||    28
Dodge: Dodged            |    64 |    28 ||    92
